 Dungeon Crawl Stone Soup version 0.23.2-40-g277498a (webtiles) character file.

Game seed: 14904278418193925745

2595 CrazyJ the Chiller (level 9, -4/52 HPs)
             Began as a Gargoyle Ice Elementalist on Sept 13, 2019.
             Was a Follower of Vehumet.
             Slain by an ogre
             ... wielding a +0 giant club
              (25 damage)
             ... on level 7 of the Dungeon.
             The game lasted 00:54:13 (9735 turns).

CrazyJ the Chiller (Gargoyle Ice Elementalist)      Turns: 9735, Time: 00:54:14

Health: -4/52      AC: 10    Str: 11    XL:     9   Next: 59%
Magic:  12/16      EV: 12    Int: 20    God:    Vehumet [*.....]
Gold:   303        SH:  0    Dex: 12    Spells: 3/18 levels left

rFire    . . .     SeeInvis .   g - +3 quarterstaff (chaos)
rCold    . . .     Gourm    .   (shield currently unavailable)
rNeg     + . .     Faith    .   a - +0 robe
rPois    ∞         Spirit   .   (no helmet)
rElec    +         Reflect  .   (no cloak)
rCorr    +         Harm     .   (no gloves)
MR       .....                  n - +1 pair of boots
Stlth    ++........             (no amulet)
HPRegen  0.17/turn              w - ring of resist corrosion
MPRegen  0.15/turn              F - +2 ring of dexterity

@: very slightly contaminated
A: negative energy resistance 1, electricity resistance, unbreathing,
petrification resistance, rot immunity, AC +6
a: Renounce Religion


You were on level 7 of the Dungeon.
You worshipped Vehumet.
Vehumet was aware of your devotion.
You were not hungry.

You visited 2 branches of the dungeon, and saw 8 of its levels.

You collected 303 gold pieces.

Inventory:

Hand Weapons
 g - a +3 quarterstaff of chaos (weapon)
 m - a +0 quarterstaff
 I - a +0 shortbow
Missiles
 b - 99 stones (quivered)
 d - 24 poisoned needles
 A - 7 curare-tipped needles
 D - 4 needles of confusion
Armour
 a - a +0 robe (worn)
 i - a +0 cloak
 n - a +1 pair of boots (worn)
 r - a +0 ring mail
 s - a +0 leather armour
 E - the +2 buckler "Ticujaix" {rPois}
   (You found it on level 5 of the Dungeon)

   It protects you from poison.
Jewellery
 w - a ring of resist corrosion (left hand)
 F - a +2 ring of dexterity (right hand)
Wands
 f - a wand of flame (14)
 j - a wand of random effects (15)
 q - a wand of clouds (3)
Scrolls
 e - 7 scrolls of identify
 l - 5 scrolls of teleportation
 o - a scroll of fog
Potions
 k - a potion of degeneration {unknown}
 p - a potion of heal wounds
 x - 4 potions of ambrosia
 z - a potion of curing {unknown}
 J - a potion of flight {unknown}
Comestibles
 c - 9 rations
 h - 5 chunks of flesh


   Skills:
 + Level 4.1 Fighting
   Level 1.1(2.5) Maces & Flails
 + Level 3.5(3.6) Staves
 + Level 4.2 Armour
 - Level 1.5 Dodging
 - Level 2.1 Stealth
 * Level 5.0 Spellcasting
 * Level 5.7 Conjurations
 - Level 2.1 Charms
 * Level 3.1 Summonings
 + Level 1.5 Fire Magic
 * Level 6.4 Ice Magic


You had 3 spell levels left.
You knew the following spells:

 Your Spells              Type           Power        Failure   Level  Hunger
a - Freeze                Ice            ####         1%          1    None
b - Throw Frost           Conj/Ice       ####..       1%          2    None
c - Ozocubu's Armour      Chrm/Ice       ###.....     6%          3    ##.....
d - Throw Icicle          Conj/Ice       ####....     10%         4    ####...
e - Summon Ice Beast      Ice/Summ       ###.....     16%         4    ####...
f - Flame Tongue          Conj/Fire      ###..        2%          1    None

Your spell library contained the following spells:

 Spells                   Type           Power        Failure   Level  Hunger
 Animate Skeleton         Necr           N/A          12%         1    None
 Pain                     Necr           #...         12%         1    None
 Regeneration             Chrm/Necr      #.........   22%         3    ##.....
 Vampiric Draining        Necr           #.........   34%         3    ##.....
 Animate Dead             Necr           N/A          75%         4    ####...


Dungeon Overview and Level Annotations

Branches:
Dungeon (7/15)             Temple (1/1) D:4

Altars:
Ashenzari
Cheibriados
Dithmenos
Elyvilon
Fedhas
Gozag
Hepliaklqana
Kikubaaqudgha
Makhleb
Nemelex Xobeh
Okawaru
Qazlal
Ru
Sif Muna
Trog
Uskayaw
Vehumet
Wu Jian
Xom
Yredelemnul
Zin
The Shining One

Shops:
D:5 =

Annotations:
D:4 Dowan
D:5 Menkaure


Innate Abilities, Weirdness & Mutations

You are resistant to torment.
Your stone body is resilient. (AC +6)
You are immune to poison.
You resist negative energy. (rN+)
You are resistant to electric shocks. (rElec)
You can survive without breathing.
You are immune to petrification.
You are immune to rotting.


Message History

You hit the ogre. You freeze the ogre.
The ogre is lightly wounded.
The ogre hits you with a +0 giant club!
You hit the ogre. You burn the ogre.
The ogre is moderately wounded.
The ogre hits you with a +0 giant club!
Casting: Throw Frost (safe; 1% risk of failure)
Confirm with . or Enter, or press ? or * to list all spells.
You miscast Ozocubu's Armour.
You are very lightly contaminated with residual magic.
Nothing appears to happen.
Casting: Ozocubu's Armour (safe; 6% risk of failure)
Confirm with . or Enter, or press ? or * to list all spells.
Aiming: Freeze (safe; 1% risk of failure)
Press: ? - help, Shift-Dir - straight line, f - ogre
Aim: an ogre, wielding a +0 giant club (moderately wounded)
You freeze the ogre.
The ogre is heavily wounded.
The ogre hits you with a +0 giant club!!
You die...

..## #....# ...# #....
#...(. ...# #.... .....[
...# #... ...... ...# ...
#...... ...# #.# .O.....
..# #.## ....... .#
#########..####...%...
#####......#....@O........
.)............#####.......
...............# #......
###............# ##....
##.............# ...
#..............# ..
#..............# .
##............##
###..........#


You could see an ogre.

Vanquished Creatures
  Grinder (D:6)
  Eustachio (D:6)
  Edmund (D:5)
  Duvessa (D:4)
  An orc warrior (D:6)
  2 ice beasts
  2 sky beasts (D:6)
  An ogre (D:6)
  3 centaurs
  A bullfrog (D:6)
  A scorpion (D:6)
  A howler monkey (D:5)
  3 crimson imps
  2 jellies
  Crazy Yiuf (D:5)
  A bullfrog skeleton (D:4)
  A hound (D:3)
  3 orc priests
  8 orc wizards
  2 centaur skeletons (D:5)
  Natasha (thrice) (D:2)
  5 worker ants
  3 hound skeletons
  A worker ant zombie (D:5)
  Robin (D:2)
  13 adders
  A shadow imp (D:5)
  An ooze (D:1)
  An adder zombie (D:6)
  A worm (D:2)
  3 dart slugs (D:1)
  4 leopard geckos
  18 orcs
  6 giant cockroaches
  21 goblins
  6 hobgoblins
  13 jackals
  A quokka (D:2)
  2 ball pythons
  9 bats
  12 frilled lizards
  2 kobolds
  A leopard gecko skeleton (D:4)
  A quokka zombie (D:7)
  6 rats
172 creatures vanquished.

Notes
Turn   | Place    | Note
-------+----------+-------------------------------------------
     0 | D:1      | CrazyJ the Gargoyle Ice Elementalist began the quest for
                  | the Orb.
     0 | D:1      | Reached XP level 1. HP: 10/10 MP: 3/3
   252 | D:1      | Reached XP level 2. HP: 16/16 MP: 3/5
   327 | D:1      | Learned a level 2 spell: Throw Frost
   618 | D:1      | Reached skill level 1 in Fighting
   618 | D:1      | Reached XP level 3. HP: 17/20 MP: 2/6
   723 | D:1      | Reached skill level 1 in Armour
   990 | D:1      | Learned a level 3 spell: Ozocubu's Armour
  1774 | D:2      | Reached skill level 1 in Maces & Flails
  1776 | D:2      | Reached XP level 4. HP: 19/25 MP: 4/7
  1920 | D:2      | Noticed Robin
  1939 | D:2      | Killed Robin
  2114 | D:2      | Noticed Natasha
  2121 | D:2      | Killed Natasha
  2121 | D:2      | Reached XP level 5. HP: 27/29 MP: 5/8
  2586 | D:2      | Noticed Natasha
  2604 | D:2      | Killed Natasha
  2604 | D:2      | Reached skill level 4 in Ice Magic
  2762 | D:2      | Noticed Natasha
  2767 | D:2      | Killed Natasha
  2892 | D:2      | Found a deep blue altar of Sif Muna.
  2978 | D:3      | Reached skill level 1 in Staves
  3184 | D:3      | Reached skill level 1 in Charms
  3184 | D:3      | Reached XP level 6. HP: 35/35 MP: 3/10
  3947 | D:3      | Learned a level 4 spell: Throw Icicle
  4237 | D:4      | Found a staircase to the Ecumenical Temple.
  4256 | Temple   | Entered the Ecumenical Temple
  4324 | Temple   | Became a worshipper of Vehumet
  4520 | D:4      | Noticed Dowan
  4843 | D:4      | Noticed Duvessa
  4869 | D:4      | Killed Duvessa
  4869 | D:4      | Reached XP level 7. HP: 15/40 MP: 2/11
  5270 | D:5      | Entered Level 5 of the Dungeon
  5443 | D:5      | Noticed Edmund
  5460 | D:5      | Killed Edmund
  5460 | D:5      | Reached skill level 5 in Ice Magic
  6184 | D:5      | Reached XP level 8. HP: 16/46 MP: 7/13
  6263 | D:5      | Found an ornate altar of the Wu Jian Council.
  6359 | D:5      | Got an ancient buckler
  6360 | D:5      | Identified the +2 buckler "Ticujaix" {rPois} (You found it
                  | on level 5 of the Dungeon)
  6623 | D:4      | Learned a level 4 spell: Summon Ice Beast
  7378 | D:6      | Reached skill level 1 in Summonings
  7397 | D:6      | Reached * piety under Vehumet
  7397 | D:6      | Offered knowledge of Flame Tongue by Vehumet.
  7453 | D:6      | Learned a level 1 spell: Flame Tongue
  7501 | D:6      | Noticed Eustachio
  7547 | D:6      | Killed Eustachio
  7850 | D:6      | Reached skill level 5 in Conjurations
  7937 | D:6      | Noticed Grinder
  7954 | D:6      | Reached XP level 9. HP: 14/52 MP: 10/15
  8303 | D:5      | Reached skill level 6 in Ice Magic
  8621 | D:5      | Found a runed translucent door.
  8622 | D:5      | Noticed Crazy Yiuf
  8635 | D:5      | Killed Crazy Yiuf
  8711 | D:5      | Found Issunku's Jewellery Shoppe.
  8718 | D:5      | Noticed Menkaure
  8949 | D:6      | Paralysed by Grinder for 6 turns
  8957 | D:6      | Killed Grinder
  8957 | D:6      | Reached skill level 1 in Fire Magic
  9688 | D:7      | Reached skill level 5 in Spellcasting
  9735 | D:7      | Slain by an ogre

Skill      XL: |  1  2  3  4  5  6  7  8  9 |
---------------+----------------------------+-----
Fighting       | 1 2 3 4 |  4.1
Armour         | 1 2 3 4 |  4.2
Maces & Flails | 1 |  1.1
Conjurations   | 2 3 4 5 |  5.7
Ice Magic      | 4 5 6 |  6.4
Staves         | 1 2 3 |  3.5
Charms         | 1 2 |  2.1
Spellcasting   | 3 4 5 |  5.0
Summonings     | 2 3 |  3.1
Fire Magic     | 1 |  1.5
Dodging        | |  1.5
Stealth        | |  2.1

Action                   |  1- 3 |  4- 6 |  7- 9 || total
-------------------------+-------+-------+-------++-------
Melee: Club              |    34 |       |       ||    34
       Whip              |    76 |    18 |       ||    94
       Quarterstaff      |       |   134 |   285 ||   419
 Cast: Freeze            |    29 |    38 |    55 ||   122
       Throw Frost       |     2 |     6 |    21 ||    29
       Ozocubu's Armour  |       |     1 |    15 ||    16
       Throw Icicle      |       |       |     2 ||     2
       Flame Tongue      |       |       |     2 ||     2
       Summon Ice Beast  |       |       |     1 ||     1
  Use: Scroll            |       |     2 |     8 ||    10
       Potion            |       |     2 |     6 ||     8
 Stab: Sleeping          |       |     4 |     2 ||     6
  Eat: Chunk             |     2 |    12 |     5 ||    19
       Ration            |       |       |     4 ||     4
Armor: Robe              |    75 |    64 |   176 ||   315
Dodge: Dodged            |   120 |   147 |   244 ||   511
